 Dungeon Crawl Stone Soup version 0.27-a0-765-ge4d627daa3 (webtiles) character file.

Game seed: 16186321502581629767

487 dickylongcocking the Magician (level 7, -3/53 HPs)
             Began as a Djinni Venom Mage on Mar 25, 2021.
             Slain by a phantom (5 damage)
             ... on level 4 of the Dungeon.
             The game lasted 00:05:18 (6931 turns).

dickylongcocking the Magician (Djinni Venom Mage)   Turns: 6931, Time: 00:05:19

Health: -3/53      AC:  2    Str:  7    XL:     7   Next: 13%
Gold:   154        EV: 12    Int: 19    God:
                   SH:  0    Dex: 13

rFire    + + .     SeeInvis .   j - +4 whip
rCold    x . .     Faith    .   (no shield)
rNeg     . . .     Spirit   .   a - +0 robe
rPois    ∞         Reflect  .   (no helmet)
rElec    .         Harm     .   f - scarf {shadows}
rCorr    .         Rampage  .   (no gloves)
Will     .....                  (boots unavailable)
Stlth    ++........             (no amulet)
HPRegen  0.17/turn              (no ring)
MPRegen  0.00/turn              (no ring)

@: flying
A: fire resistance 2, cold vulnerability 1, float, innate caster, hp casting,
extra vitality 1
a: no special abilities


You were on level 4 of the Dungeon.
You visited 1 branch of the dungeon, and saw 4 of its levels.

You collected 154 gold pieces.

Inventory:

Hand Weapons
 j - a +4 whip (weapon)
 o - a +2 dagger of flaming
Armour
 a - a +0 robe (worn)
 c - a +0 ring mail
 f - a scarf of shadows (worn)
Scrolls
 b - a scroll of magic mapping {unknown}
 d - 2 scrolls of identify {unknown}
 g - a scroll of holy word {unknown}
 h - a scroll of fog {unknown}
 i - a scroll of blinking {unknown}
 k - 2 scrolls of immolation {unknown}
 l - a scroll of torment {unknown}
 n - a scroll of summoning {unknown}
 p - a scroll of acquirement {unknown}
 q - a scroll of enchant weapon {unknown}
 r - a scroll of amnesia {unknown}


   Skills:
 * Level 4.4 Fighting
 * Level 1.2 Maces & Flails
 - Level 2.3 Dodging
 - Level 1.6 Stealth
 * Level 5.0 Spellcasting


You couldn't memorise any spells.
You knew the following spells:

 Your Spells              Type           Power      Damage    Failure   Level
a - Sting                 Tmut/Pois      92%        1d7       1%          1
b - Corona                Hex            25%        N/A       1%          1
d - Olgreb's Toxic Radia  Pois           23%        N/A       16%         4
e - Call Imp              Summ           23%        N/A       2%          2
f - Slow                  Hex            23%        N/A       2%          2
i - Ignite Poison         Fire/Tmut/Pois 23%        N/A       4%          3
p - Poisonous Vapours     Pois/Air       46%        N/A       2%          2
x - Mephitic Cloud        Conj/Pois/Air  23%        N/A       4%          3
Your spell library was empty.

Dungeon Overview and Level Annotations

Branches:
Dungeon (4/15)
 Temple: D:4-7

Altars:
Cheibriados
Ru
Trog
Xom

Annotations:
D:4 1 runed translucent door, Dittersdorf's ghost, amateur GrFi


Innate Abilities, Weirdness & Mutations

You are immune to poison.
Your flesh is very heat resistant. (rF++)
You are vulnerable to cold. (rC-)
You float through the air rather than walking.
You learn spells naturally, not from books.
Your magical power is your life essence.
You have superior vitality. (+4 HP)


Message History

Unknown command.
Casting: Mephitic Cloud (dangerous; 4% risk of failure)
Confirm with . or Enter, or press ? or * to list all spells.
Aiming: Mephitic Cloud (dangerous; 4% risk of failure)
Press: ? - help, Shift-Dir - straight line, f/p - phantom
Aim: a phantom (heavily damaged, not susceptible)
The ball explodes into a vile cloud!
The stinking cloud engulfs the phantom but does no damage.
The phantom is heavily damaged.
The stinking cloud engulfs you but does no damage.
The phantom hits you!
* * * LOW HITPOINT WARNING * * *
Unknown command.
Unknown command.
Unknown command.
Casting: Mephitic Cloud (dangerous; 4% risk of failure)
Confirm with . or Enter, or press ? or * to list all spells.
You ignite the poison in your surroundings!
* * * LOW HITPOINT WARNING * * *
The phantom is engulfed in blazing flames.
The phantom hits you.
* * * LOW HITPOINT WARNING * * *
The phantom blinks!
You blink.
Unknown command.
Unknown command.
Unknown command.
You aren't carrying any potions.
Unknown command.
Okay, then.
You aren't carrying any items that you can evoke.
Unknown command.
You aren't carrying any pieces of jewellery.
Unknown command.
You aren't carrying any potions.
Unknown command.
Okay, then.
You hit the phantom.
The phantom is almost destroyed.
The phantom hits you.
You die...

.###.# #.##..# .###.#
#.##..###
.....#.#.##....#
.###.#.#.##..#.#
..##...........#
...###.#.##..#.###.#
............☼☼.....#
.......####.##.#####
...............W@#
#..#.# #.##.##.#.#
#..#.###.##.##.#.#
#.........#.##.#.#######
..##.#########.........#
..##..#W....##.#.#####.#
..##..+≈≈≈≈)#......# #.#
#.##..#.....##.#.#.###.#
#.#...#######..........#


You could see a phantom.

Vanquished Creatures
  2 ogres (D:4)
  A phantom (D:4)
  A bullfrog skeleton (D:4)
  An orc priest (D:4)
  An orc wizard (D:4)
  4 adders
  A howler monkey skeleton (D:4)
  An ufetubus (D:4)
  An adder skeleton (D:4)
  3 worms
  2 dart slugs
  6 orcs
  2 endoplasms
  4 giant cockroaches
  5 hobgoblins
  7 jackals
  5 kobolds
  A quokka (D:2)
  8 ball pythons
  7 bats
  6 frilled lizards
  8 goblins
  6 rats
83 creatures vanquished.

Notes
Turn   | Place    | Note
-------+----------+-------------------------------------------
     0 | D:1      | dickylongcocking the Djinni Venom Mage began the quest for
                  | the Orb.
     0 | D:1      | Reached XP level 1. HP: 15/15 MP: 0/0
   176 | D:1      | Reached skill level 3 in Spellcasting
   179 | D:1      | Reached XP level 2. HP: 16/21 MP: 0/0
  1361 | D:1      | Reached XP level 3. HP: 20/26 MP: 0/0
  1361 | D:1      | Learned a level 1 spell: Corona
  1756 | D:1      | Reached skill level 1 in Fighting
  3306 | D:2      | Found a sacrificial altar of Ru.
  3501 | D:2      | Reached XP level 4. HP: 31/33 MP: 0/0
  5091 | D:3      | Reached XP level 5. HP: 21/39 MP: 0/0
  5091 | D:3      | Learned a level 2 spell: Call Imp
  5373 | D:3      | Reached skill level 4 in Spellcasting
  6189 | D:4      | Reached XP level 6. HP: 43/46 MP: 0/0
  6322 | D:4      | Found a bloodstained altar of Trog.
  6397 | D:4      | Found a snail-covered altar of Cheibriados.
  6406 | D:4      | Found a shimmering altar of Xom.
  6679 | D:4      | Reached skill level 1 in Maces & Flails
  6679 | D:4      | Reached skill level 5 in Spellcasting
  6679 | D:4      | Reached XP level 7. HP: 44/53 MP: 0/0
  6679 | D:4      | Learned a level 2 spell: Slow
  6851 | D:4      | Found a runed translucent door.
  6851 | D:4      | Noticed Dittersdorf's ghost (amateur GrFi)
  6930 | D:4      | HP: 2/53 [phantom (4)]
  6931 | D:4      | Slain by a phantom

Illustrated notes

Levels and vault maps discovered:
D:1:      lightli_arrival_statue_moat, layout_basic, minmay_misc_feat_five,
          chequers_arboretum, st_stairs_7
D:2:      layout_basic, nicolae_ru_path_of_blood
D:3:      layout_basic
D:4:      layout_basic, nicolae_overflow_quartered_altars,
          nicolae_overflow_hidden_temple, ebering_ghost_reflecting_pool

Skill      XL: |  1  2  3  4  5  6 |
---------------+-------------------+-----
Spellcasting   | 3 4 5 |  5.0
Fighting       | 1 2 3 4 |  4.4
Maces & Flails | 1 |  1.2
Dodging        | |  2.3
Stealth        | |  1.6

Action                   |  1- 3 |  4- 6 |  7- 9 || total
-------------------------+-------+-------+-------++-------
Melee: Unarmed           |     3 |    11 |       ||    14
       Dagger            |       |    39 |       ||    39
       Whip              |       |     1 |     1 ||     2
 Cast: Sting             |    27 |    15 |       ||    42
       Poisonous Vapours |    44 |    42 |       ||    86
       Ignite Poison     |       |     7 |     3 ||    10
       Olgreb's Toxic Ra |       |     5 |       ||     5
       Mephitic Cloud    |       |       |     5 ||     5
  Use: Potion            |       |     4 |       ||     4
 Stab: Sleeping          |       |     1 |       ||     1
Armor: Robe              |     3 |     5 |       ||     8
       Skin              |       |    10 |       ||    10
Dodge: Dodged            |    17 |    41 |     2 ||    60

Table legend: (Time is in decaauts)
 A = Elapsed time spent in this place.
 B = Non-inter-level travel time spent in this place.
 C = Inter-level travel time spent in this place.
 D = Time resting spent in this place.
 E = Time spent auto-exploring this place.
 F = Levels seen in this place.
 G = Mean time per level.
                   A        B        C        D        E       F      G
               +--------+--------+--------+--------+--------+-----+--------+
         Total |   6928 |   6701 |    227 |   2736 |   3423 |   4 | 1732.0 |
       Dungeon |   6928 |   6701 |    227 |   2736 |   3423 |   4 | 1732.0 |
               +--------+--------+--------+--------+--------+-----+--------+

Top non-repeatable levels by time:
     D:2: 2125 daAuts
     D:1: 1957 daAuts
     D:3: 1851 daAuts
     D:4: 994 daAuts
